[ AOE2 MATCH · #469068834 ]
1v1 RMByzantines vs Koreans
Player's team · LOSS
Rival team · WIN
[ REPLAY ANALYSIS · EXTRACTED FROM THE RECORDED GAME ]
Feudal
9:40
Castle
19:34
Imperial
—
| APM avg | 13.9 |
| APM peak | 38 |
| eAPM avg | 8.8 |
| Villagers / military | 68 / 9 |
Focus
⚔️ 8.4% · 🌾 91.6%
Archer ×6 · Spearman ×3
Feudal
10:02
Castle
20:59
Imperial
—
| APM avg | 14.1 |
| APM peak | 35 |
| eAPM avg | 10.0 |
| Villagers / military | 56 / 30 |
Focus
⚔️ 15.3% · 🌾 84.7%
Skirmisher ×12 · Spearman ×5 · Scout Cavalry ×5 · Archer ×4 · Monk ×3 · Knight ×1
Match map
Initial resources + every placement click. Lines = walls · curves = elevation contours. ◆ gold · ⬟ stone · ● berries · ✦ relic · ◌ wall gap
Your base· ✓ Closed at 19:34 · 0t walls · 2 gate(s)
Johan Elmander's base· ✓ Closed at 20:59 · 0t walls · 3 gate(s)
Smoothed initial terrain · ◌ = detected wall gap · hover for details
Inputs per minute
— elias.tanous - - Johan Elmander
Build order — elias.tanous
133 actions detected in the replay
| 0:04 | Build | House |
| 0:06 | Build | House |
| 0:07 | Create | Villager (Male) |
| 0:08 | Create | Villager (Male) |
| 0:08 | Create | Villager (Male) |
| 0:08 | Create | Villager (Male) |
| 0:08 | Create | Villager (Male) |
| 1:32 | Create | Villager (Male) |
| 2:16 | Create | Villager (Male) |
| 2:33 | Create | Villager (Male) |
| 2:46 | Build | House |
| 2:59 | Create | Villager (Male) |
| 3:43 | Create | Villager (Male) |
| 4:41 | Build | Lumber Camp |
| 4:45 | Create | Villager (Male) |
| 5:08 | Create | Villager (Male) |
| 5:08 | Create | Villager (Male) |
| 5:19 | Create | Villager (Male) |
| 6:06 | Create | Villager (Male) |
| 6:36 | Build | Mill |
| 7:01 | Create | Villager (Male) |
| 7:30 | Research | Feudal Age |
| 7:32 | Research | Loom |
| 7:33 | Create | Villager (Male) |
| 8:16 | Build | Mill |
| 8:44 | Build | House |
| 9:40 | Age | Feudal Age |
| 9:42 | Research | Double-Bit Axe |
| 9:54 | Build | Blacksmith |
| 10:00 | Create | Villager (Male) |
| 10:38 | Build | Mining Camp |
| 10:51 | Create | Villager (Male) |
| 10:51 | Create | Villager (Male) |
| 11:26 | Build | Mill |
| 11:35 | Create | Villager (Male) |
| 11:47 | Build | Barracks |
| 12:09 | Create | Villager (Male) |
| 12:10 | Create | Villager (Male) |
| 12:46 | Build | House |
| 13:07 | Create | Villager (Male) |
| 13:57 | Build | Archery Range |
| 14:18 | Create | Villager (Male) |
| 14:19 | Create | Villager (Male) |
| 14:31 | Build | House |
| 15:03 | Create | Villager (Male) |
| 15:48 | Build | Mining Camp |
| 15:53 | Create | Villager (Male) |
| 16:48 | Build | House |
| 16:54 | Research | Castle Age |
| 17:22 | Research | Horse Collar |
| 17:31 | Create | Villager (Male) |
| 17:38 | Build | Farm |
| 17:40 | Build | Farm |
| 17:43 | Build | Farm |
| 17:47 | Build | Farm |
| 17:51 | Build | Farm |
| 17:55 | Build | Farm |
| 17:58 | Build | Farm |
| 18:01 | Build | Farm |
| 18:03 | Build | Farm |
| 18:05 | Build | Farm |
| 19:14 | Build | House |
| 19:34 | Age | Castle Age |
| 19:57 | Build | Town Center |
| 20:12 | Build | Town Center |
| 20:17 | Create | Villager (Male) |
| 20:18 | Create | Villager (Male) |
| 20:19 | Create | Villager (Male) |
| 20:26 | Research | Thumb Ring |
| 20:29 | Research | Crossbowman (upgrade) |
| 20:34 | Research | Fletching |
| 20:50 | Build | Farm |
| 20:53 | Create | Villager (Male) |
| 21:13 | Create | Spearman |
| 21:14 | Create | Spearman |
| 21:14 | Create | Spearman |
| 21:48 | Build | Farm |
| 21:53 | Build | Farm |
| 21:54 | Create | Villager (Male) |
| 21:54 | Create | Villager (Male) |
| 21:55 | Create | Villager (Male) |
| 21:55 | Create | Villager (Male) |
| 22:20 | Build | Farm |
| 22:40 | Create | Archer |
| 22:40 | Create | Archer |
| 22:40 | Create | Archer |
| 22:40 | Create | Archer |
| 22:52 | Research | Gold Mining |
| 23:06 | Research | Stone Mining |
| 23:22 | Create | Villager (Male) |
| 23:22 | Create | Villager (Male) |
| 23:23 | Create | Villager (Male) |
| 23:23 | Create | Villager (Male) |
| 24:04 | Create | Villager (Male) |
| 24:04 | Create | Villager (Male) |
| 24:05 | Create | Villager (Male) |
| 24:06 | Create | Villager (Male) |
| 24:16 | Create | Villager (Male) |
| 24:40 | Build | Town Center |
| 24:47 | Create | Villager (Male) |
| 24:54 | Create | Villager (Male) |
| 24:54 | Create | Villager (Male) |
| 24:57 | Create | Archer |
| 24:57 | Create | Archer |
| 25:02 | Build | House |
| 25:03 | Build | House |
| 25:20 | Build | Farm |
| 25:23 | Create | Villager (Male) |
| 25:27 | Create | Villager (Male) |
| 26:37 | Research | Elite Skirmisher (upgrade) |
| 26:45 | Create | Villager (Male) |
| 26:45 | Create | Villager (Male) |
| 26:46 | Create | Villager (Male) |
| 26:49 | Create | Villager (Male) |
| 26:50 | Create | Villager (Male) |
| 26:50 | Create | Villager (Male) |
| 26:52 | Create | Villager (Male) |
| 26:58 | Create | Villager (Male) |
| 26:58 | Create | Villager (Male) |
| 26:58 | Create | Villager (Male) |
| 26:58 | Create | Villager (Male) |
| 27:11 | Build | House |
| 27:30 | Build | Archery Range |
| 28:29 | Build | Archery Range |
| 28:40 | Build | Castle |
| 28:47 | Create | Villager (Male) |
| 28:47 | Create | Villager (Male) |
| 28:47 | Create | Villager (Male) |
| 28:51 | Create | Villager (Male) |
| 28:51 | Create | Villager (Male) |
| 28:52 | Create | Villager (Male) |
| 28:57 | Build | House |
| 28:57 | Build | House |
Build order — Johan Elmander
139 actions detected in the replay
| 0:03 | Build | House |
| 0:06 | Build | House |
| 0:09 | Build | House |
| 0:12 | Create | Villager (Male) ×4 |
| 2:01 | Create | Villager (Male) |
| 2:33 | Create | Villager (Male) ×2 |
| 3:02 | Create | Villager (Male) |
| 3:04 | Create | Villager (Male) |
| 3:43 | Create | Villager (Male) |
| 3:54 | Create | Villager (Male) |
| 5:35 | Create | Villager (Male) |
| 5:36 | Create | Villager (Male) |
| 6:29 | Create | Villager (Male) |
| 6:41 | Build | Lumber Camp |
| 6:52 | Build | Mill |
| 7:00 | Create | Villager (Male) |
| 7:05 | Build | House |
| 7:08 | Build | House |
| 7:20 | Build | Mill |
| 7:52 | Research | Feudal Age |
| 7:54 | Create | Villager (Male) |
| 8:51 | Create | Villager (Male) |
| 8:51 | Create | Villager (Male) |
| 10:00 | Build | Mining Camp |
| 10:02 | Age | Feudal Age |
| 10:04 | Create | Villager (Male) |
| 10:08 | Research | Double-Bit Axe |
| 10:42 | Build | Blacksmith |
| 10:49 | Create | Villager (Male) |
| 11:29 | Build | Barracks |
| 11:36 | Create | Villager (Male) |
| 11:55 | Create | Villager (Male) ×5 |
| 13:02 | Build | Archery Range |
| 13:14 | Create | Villager (Male) |
| 13:15 | Research | Horse Collar |
| 13:37 | Build | Lumber Camp |
| 14:14 | Build | House |
| 14:16 | Build | House |
| 14:17 | Build | House |
| 14:18 | Build | House |
| 14:33 | Build | Farm |
| 14:34 | Build | Farm |
| 14:35 | Build | Farm |
| 14:35 | Build | Farm |
| 14:42 | Build | Farm |
| 15:02 | Build | Farm |
| 15:05 | Build | Farm |
| 15:10 | Build | Farm |
| 15:19 | Create | Villager (Male) |
| 15:24 | Build | House |
| 15:25 | Build | House |
| 15:30 | Create | Villager (Male) |
| 15:49 | Build | Farm |
| 15:50 | Create | Villager (Male) |
| 15:57 | Build | Stable |
| 16:01 | Build | House |
| 16:02 | Build | House |
| 16:14 | Build | Farm |
| 16:41 | Build | Farm |
| 16:45 | Create | Villager (Male) |
| 16:50 | Build | Farm |
| 16:55 | Build | Farm |
| 17:10 | Build | Farm |
| 17:12 | Build | Farm |
| 17:33 | Build | House |
| 17:35 | Build | House |
| 17:36 | Build | House |
| 17:37 | Build | House |
| 18:19 | Research | Castle Age |
| 18:42 | Create | Scout Cavalry |
| 18:50 | Create | Scout Cavalry |
| 18:53 | Create | Archer |
| 18:54 | Create | Archer |
| 18:55 | Create | Archer |
| 19:00 | Create | Skirmisher ×2 |
| 19:03 | Create | Archer |
| 19:07 | Create | Skirmisher |
| 19:20 | Create | Spearman |
| 19:24 | Create | Spearman |
| 19:32 | Create | Spearman |
| 19:40 | Create | Spearman |
| 19:48 | Create | Spearman |
| 20:07 | Create | Scout Cavalry |
| 20:31 | Create | Villager (Male) ×2 |
| 20:40 | Create | Villager (Male) |
| 20:59 | Age | Castle Age |
| 21:08 | Build | Monastery |
| 21:25 | Build | Town Center |
| 21:32 | Build | Town Center |
| 22:07 | Research | Elite Skirmisher (upgrade) |
| 22:07 | Create | Skirmisher ×5 |
| 22:28 | Research | Husbandry |
| 22:35 | Research | Bow Saw |
| 22:37 | Create | Villager (Male) |
| 22:56 | Research | Gold Mining |
| 23:21 | Create | Skirmisher ×4 |
| 23:39 | Create | Monk |
| 23:44 | Create | Scout Cavalry |
| 23:57 | Create | Scout Cavalry |
| 24:10 | Create | Villager (Male) |
| 24:22 | Create | Villager (Male) |
| 24:39 | Build | Farm |
| 24:40 | Create | Villager (Male) |
| 24:42 | Create | Villager (Male) |
| 24:51 | Create | Villager (Male) |
| 25:00 | Create | Monk |
| 25:22 | Build | Mining Camp |
| 25:24 | Create | Villager (Male) |
| 25:24 | Create | Villager (Male) |
| 25:26 | Build | Farm |
| 25:28 | Create | Villager (Male) |
| 25:28 | Create | Villager (Male) |
| 25:31 | Build | Farm |
| 25:34 | Build | Farm |
| 26:15 | Build | Farm |
| 26:17 | Create | Villager (Male) |
| 26:19 | Create | Villager (Male) |
| 26:20 | Create | Villager (Male) |
| 26:22 | Create | Villager (Male) |
| 26:24 | Research | Stone Mining |
| 26:34 | Create | Monk |
| 26:55 | Build | Farm |
| 26:58 | Build | Farm |
| 27:20 | Build | Farm |
| 27:21 | Create | Villager (Male) |
| 27:22 | Create | Villager (Male) |
| 27:26 | Create | Knight |
| 27:56 | Build | Farm |
| 27:57 | Create | Villager (Male) |
| 28:01 | Create | Villager (Male) |
| 28:02 | Create | Villager (Male) |
| 28:03 | Create | Villager (Male) |
| 28:05 | Create | Villager (Male) |
| 28:05 | Create | Villager (Male) |
| 28:22 | Research | Fletching |
| 28:23 | Research | Scale Barding Armor |
| 28:27 | Build | Farm |
| 28:32 | Build | Farm |
| 28:42 | Build | Farm |
Match timeline
| 9:40 | elias.tanous · age_up feudal |
| 10:02 | Johan Elmander · age_up feudal |
| 11:29 | Johan Elmander · first_building Barracks |
| 11:47 | elias.tanous · first_building Barracks |
| 13:02 | Johan Elmander · first_building Archery Range |
| 13:57 | elias.tanous · first_building Archery Range |
| 15:57 | Johan Elmander · first_building Stable |
| 19:34 | elias.tanous · age_up castle |
| 20:59 | Johan Elmander · age_up castle |
| 21:08 | Johan Elmander · first_building Monastery |
| 28:40 | elias.tanous · first_building Castle |
| 29:55 | elias.tanous · resign |
[ AI ANALYSIS · 1 CREDIT ]
What really happened in this match?
Wolo.gg analyzes every decision: build order, eco, micro, common mistakes by bracket. Personalized analysis on WhatsApp or Discord in 30 seconds.
Civ guide
Byzantines
Map guide
Arena
Perfil
Jugador #2179741